 Dungeon Crawl Stone Soup version 0.32-a0-791-gfc315c9ecd (console) character file.

Game seed: 3972541228227647399

4620 petzl the Shooter (level 10, -4/76 HPs)
             Began as a Formicid Delver on Mar 20, 2024.
             Was a Follower of Vehumet.
             Slain by a vault guard
             ... wielding a +0 broad axe
              (7 damage)
             ... in a bailey.
             The game lasted 00:34:15 (8489 turns).

petzl the Shooter (Formicid Delver)                 Turns: 8489, Time: 00:34:16

Health: -4/76      AC:  6    Str: 17    XL:     10   Next: 69%
Magic:  2/19       EV: 17    Int: 14    God:    Vehumet [*.....]
Gold:   294        SH:  5    Dex: 15    Spells: 4/22 levels left

rFire   . . .        a - +3 quarterstaff (chaos)
rCold   . . .        (no shield)
rNeg    . . .        w - +2 animal skin
rPois   +            (helmet unavailable)
rElec   .            g - +0 cloak
rCorr   .            (no gloves)
SInv    +            K - +0 pair of boots
Will    +....        F - amulet of reflection
Stlth   +++          q - +5 ring of evasion
HPRegen 0.32/turn    l - ring of poison resistance
MPRegen 0.16/turn

%: reflection
@: invisible
A: permanent stasis, dig shafts and tunnels, antennae 3, four strong arms
a: Dig, Renounce Religion


You were in a bailey.
You worshipped Vehumet.
Vehumet was aware of your devotion.
You visited 2 branches of the dungeon, and saw 9 of its levels.
You also visited: Bailey.

You collected 294 gold pieces.

Inventory:

Hand Weapons
 a - a +3 quarterstaff of chaos (weapon)
 b - the +10 sling "Noolaeq" {flame, rF+ Str+3 Dex+3 Stlth+}
   (You found it on level 6 of the Dungeon)

   Str+3:     It affects your strength (+3).
   Dex+3:     It affects your dexterity (+3).
   rF+:       It protects you from fire.
   Stlth+:    It makes you more stealthy.
Missiles
 k - 17 poisoned darts
Armour
 g - a +0 cloak (worn)
 w - a +2 animal skin (worn)
 K - a +0 pair of boots (worn)
Magical Staves
 t - a staff of fire
 x - a staff of alchemy
Jewellery
 l - a ring of poison resistance (right hand)
 q - a +5 ring of evasion (left hand)
 F - an amulet of reflection (around neck)
 I - a ring of magical power
Wands
 f - a wand of digging (3)
 o - a wand of paralysis (10)
 u - a wand of polymorph (3)
 J - a wand of flame (29)
Scrolls
 c - 2 scrolls of fog
 d - a scroll of revelation
 e - a scroll of fear
 j - a scroll of poison {unknown}
 m - 4 scrolls of vulnerability
 p - 2 scrolls of immolation
 z - a scroll of teleportation {unknown}
 C - a scroll of amnesia {unknown}
 L - 3 scrolls of enchant armour {unknown}
Potions
 h - 2 potions of attraction {unknown}
 i - 2 potions of brilliance {unknown}
 n - 2 potions of mutation {unknown}
 s - 2 potions of might {unknown}
 A - a potion of lignification {unknown}
 M - a potion of resistance {unknown}


   Skills:
 - Level 6.0 Fighting
 - Level 2.0(2.7) Maces & Flails
 + Level 2.9(3.2) Staves
 * Level 7.1 Ranged Weapons
 + Level 3.2 Dodging
 - Level 6.0 Stealth
 + Level 6.5 Spellcasting
 + Level 2.5 Conjurations
 + Level 4.9 Fire Magic
 + Level 2.8 Ice Magic
 + Level 2.2 Air Magic
 - Level 6.0 Alchemy
 - Level 3.0 Evocations


You had 4 spell levels left.
You knew the following spells:

 Your Spells              Type           Power      Damage    Failure   Level
a - Sting                 Conj/Alch      64%        1d7       2%          1
b - Mercury Vapours       Alch/Air       32%        N/A       4%          2
p - Passage of Golubria   Tloc           4%         N/A       83%         4
s - Sticky Flame          Fire/Alch      19%        2d6       16%         4
A - Ozocubu's Armour      Ice            12%        N/A       14%         3
T - Olgreb's Toxic Radia  Alch           21%        N/A       13%         4

Your spell library contained the following spells:

 Spells                   Type           Power      Damage    Failure   Level
 Shock                    Conj/Air       44%        1d5       5%          1
 Cigotuvi's Dreadful Rot  Necr/Alch/Air  24%        N/A       8%          2
 Inner Flame              Hex/Fire       11%        N/A       16%         3
 Flame Wave               Conj/Fire      15%        2d7       32%         4
 Call Canine Familiar     Summ           4%         N/A       41%         3
 Fugue of the Fallen      Necr           4%         N/A       41%         3
 Sigil of Binding         Hex            4%         N/A       41%         3
 Tukima's Dance           Hex            4%         N/A       41%         3
 Dimensional Bullseye     Hex/Tloc       2%         N/A       83%         4
 Dispel Undead            Necr           4%         3d7       83%         4
 Manifold Assault         Tloc           4%         N/A       83%         4
 Martyr's Knell           Necr/Summ      4%         N/A       83%         4
 Yara's Violent Unravell  Hex/Alch       6%         3d5       77%         5


Dungeon Overview and Level Annotations

Branches:
Dungeon (8/15)             Temple (1/1) D:7          Bailey (1/1)
   Lair: D:8-11

Altars:
Ashenzari
Cheibriados
Dithmenos
Elyvilon
Fedhas
Gozag
Hepliaklqana
Kikubaaqudgha
Nemelex Xobeh
Okawaru
Qazlal
Ru
Sif Muna
Trog
Uskayaw
Vehumet
Xom
Yredelemnul
The Shining One

Annotations:
D:5 Blork the orc, Pikel, Sigmund
D:8 exclusion: yak
Temple 2 transporters


Innate Abilities, Weirdness & Mutations

You cannot be hasted, slowed, berserked, paralysed or teleported.
You can dig through walls and to a lower floor.
You have a pair of large antennae on your head. (SInv)
Your four strong arms can wield two-handed weapons with a shield.


Message History

* * * LOW HITPOINT WARNING * * *
The vault guard struggles against the net.
Unknown command.
Your toxic aura wanes.
The vault guard hits you with a +0 broad axe.
* * * LOW HITPOINT WARNING * * *
The vault guard struggles against the net.
The vault guard struggles against the net.
The net rips apart, and the vault guard comes free!
You feel much better.
The vault guard hits you with a +0 broad axe!
The vault guard hits you but does no damage.
The vault guard attacks as it pursues you!
The vault guard hits you with a +0 broad axe.
The vault guard barely misses you.
The vault guard attacks as it pursues you!
You block the vault guard's attack.
The vault guard attacks as it pursues you!
The vault guard hits you but does no damage.
Your magical contamination has completely faded away.
The vault guard attacks as it pursues you!
The vault guard hits you with a +0 broad axe!
* * * LOW HITPOINT WARNING * * *
Things that are here:
a +0 scale mail; a human skeleton; a hobgoblin skeleton The vault guard attacks as it pursues you!
The vault guard completely misses you.
There is an open door, spattered with blood here.
Items here: )) [[ ÷÷.
You fade into invisibility!
The vault guard completely misses you.
The vault guard hits you with a +0 broad axe!
* * * LOW HITPOINT WARNING * * *
Unknown command.
The vault guard attacks as it pursues you!
You block the vault guard's attack.
Items here: )) [[[ ÷.
The vault guard attacks as it pursues you!
The vault guard hits you with a +0 broad axe!
You die...

≈~..~.~.~~~≈#
≈~~...~~~~≈#
#≈~....~~~≈#
≈~~...~~~≈### {
#≈~(..~~~≈#.##
#≈~.~~~~≈##..##
#≈~.~≈≈~≈#....##
##≈~.≈# ##.....#
#≈~..≈####......#
#≈~†.≈#..'......#
###p###..####'###
#.....#...##~~~##
#....)#...#~~~~~#
#..####...#~~~~~#
#....#..p)#~)~~~#
##....÷@#)#'#~~##
##....##p).####
######.....#
#.∩.∩.# #.(...#
##...## #####


You could see a vault guard (poisoned).

Vanquished Creatures
  Maurice (D:8)
  A hornet (D:8)
  Prince Ribbit (Bailey)
  A wyvern (D:6)
  6 yaks
  Eustachio (D:6)
  4 humans (Bailey)
  An orc warrior (D:7)
  A black bear (D:6)
  3 centaurs
  2 lemures (D:5)
  A kobold brigand (D:6)
  11 bullfrogs
  A scorpion (D:5)
  A burial acolyte (D:7)
  A centaur zombie (D:7)
  An electric eel (D:6)
  3 bombardier beetles
  2 bullfrog zombies (D:5)
  2 hounds
  A human zombie (D:7)
  2 orc priests (D:7)
  A gnoll bouda (D:5)
  Crazy Yiuf (D:6)
  Ijyb (D:3)
  3 iguanas
  4 orc wizards
  Robin (D:4)
  3 gnolls (D:6)
  3 adders
  A river rat (D:3)
  A shadow imp (D:7)
  2 ufetubi (D:7)
  5 dart slugs
  4 ribbon worms
  9 orcs
  9 ball pythons
  5 endoplasms
  A giant cockroach (D:1)
  16 goblins
  17 hobgoblins
  2 jackals (D:3)
  2 quokkas (D:2)
  A bat (D:1)
  13 kobolds
  8 rats
161 creatures vanquished.

Vanquished Creatures (others)
  A human (D:7)
1 creature vanquished.

Grand Total: 162 creatures vanquished

Notes
Turn   | Place    | Note
-------+----------+-------------------------------------------
     0 | D:5      | petzl the Formicid Delver began the quest for the Orb.
     0 | D:5      | Reached XP level 1. HP: 18/18 MP: 1/1
   103 | D:5      | Noticed a lemure
   103 | D:5      | Noticed Pikel
   116 | D:4      | Noticed a hound
   132 | D:4      | Killed a hound
   133 | D:4      | Reached XP level 2. HP: 15/24 MP: 1/5
   133 | D:4      | Reached XP level 3. HP: 18/29 MP: 1/7
   210 | D:4      | Found an iron altar of Okawaru.
  1069 | D:1      | Reached XP level 4. HP: 35/35 MP: 8/8
  2287 | D:3      | Noticed Robin
  2296 | D:2      | Reached skill level 1 in Ranged Weapons
  2335 | D:3      | Learned a level 1 spell: Sting
  2338 | D:3      | Learned a level 2 spell: Mercury Vapours
  2343 | D:3      | Learned a level 4 spell: Olgreb's Toxic Radiance
  2399 | D:4      | Killed Robin
  2422 | D:3      | Reached XP level 5. HP: 41/42 MP: 10/10
  2537 | D:3      | Reached skill level 1 in Alchemy
  2899 | D:3      | Noticed Ijyb
  2916 | D:3      | Killed Ijyb
  3454 | D:4      | Reached skill level 2 in Ranged Weapons
  3454 | D:4      | Reached XP level 6. HP: 39/45 MP: 11/11
  3643 | D:4      | You fall into a shaft and drop 1 floor!
  4065 | D:4      | Learned a level 4 spell: Sticky Flame
  4297 | D:5      | Reached skill level 1 in Fire Magic
  4297 | D:5      | Reached XP level 7. HP: 47/55 MP: 9/13
  4764 | D:6      | Reached skill level 3 in Ranged Weapons
  4803 | D:6      | Identified the +10 sling "Noolaeq" {flame, rF+ Str+3 Dex+3
                  | Stlth+}
  4850 | D:6      | Reached skill level 5 in Fighting
  5282 | D:6      | Reached XP level 8. HP: 30/62 MP: 13/15
  5557 | D:6      | Found a radiant altar of Vehumet.
  5563 | D:6      | Became a worshipper of Vehumet
  5701 | D:6      | Learned a level 3 spell: Ozocubu's Armour
  5766 | D:6      | Noticed Eustachio
  5775 | D:6      | Killed Eustachio
  5828 | D:5      | Reached skill level 5 in Spellcasting
  6172 | D:5      | Found a bloodstained altar of Trog.
  6181 | D:5      | Found an opulent altar of Gozag.
  6301 | D:5      | Noticed Blork the orc
  6335 | D:5      | Noticed Sigmund
  6358 | D:5      | Reached skill level 4 in Ranged Weapons
  6361 | D:5      | Found a basalt altar of Yredelemnul.
  6552 | D:6      | Found a runed translucent door.
  6553 | D:6      | Noticed Crazy Yiuf
  6559 | D:6      | Killed Crazy Yiuf
  6560 | D:6      | Reached skill level 5 in Alchemy
  6747 | D:7      | Noticed a wyvern
  6794 | D:6      | Killed a wyvern
  6998 | D:7      | Reached XP level 9. HP: 69/69 MP: 17/17
  7033 | D:7      | Reached skill level 5 in Ranged Weapons
  7076 | D:7      | Found a staircase to the Ecumenical Temple.
  7087 | Temple   | Found a transporter.
  7087 | Temple   | Found a transporter.
  7087 | Temple   | Found a transporter.
  7087 | Temple   | Found a transporter.
  7087 | Temple   | Entered the Ecumenical Temple
  7257 | D:7      | Found an ancient bone altar of Kikubaaqudgha.
  7519 | D:8      | Noticed Maurice
  7522 | D:8      | Noticed a hornet
  7530 | D:8      | Killed a hornet
  7553 | D:8      | Killed Maurice
  7554 | D:8      | Reached skill level 1 in Staves
  7554 | D:8      | Reached skill level 1 in Conjurations
  7554 | D:8      | Reached skill level 1 in Ice Magic
  7554 | D:8      | Reached skill level 1 in Evocations
  7558 | D:8      | Reached skill level 6 in Ranged Weapons
  7558 | D:8      | Reached skill level 1 in Air Magic
  7680 | D:7      | Reached XP level 10. HP: 50/76 MP: 8/19
  7765 | D:7      | Reached * piety under Vehumet
  7765 | D:7      | Offered knowledge of Shock by Vehumet.
  7775 | D:7      | Learned a level 4 spell: Passage of Golubria
  7928 | D:8      | Noticed a skeletal warrior
  7988 | D:8      | Found a flagged portal.
  7997 | Bailey   | Entered a bailey
  8309 | Bailey   | Reached skill level 7 in Ranged Weapons
  8329 | Bailey   | Noticed Prince Ribbit
  8337 | Bailey   | Killed Prince Ribbit
  8422 | Bailey   | Noticed a vault guard
  8445 | Bailey   | Noticed a vault guard
  8487 | Bailey   | HP: 3/76 [vault guard/+0 broad axe (11)]
  8489 | Bailey   | Slain by a vault guard

Illustrated notes

Levels and vault maps discovered:
D:1:      saegor_arrival_under_anarchy, layout_loops_corners
D:2:      layout_loops_corners
D:3:      layout_loops_ring, portal_sewer_entry_e, hex_medium,
          minmay_goblin_kobold_house, uniq_ijyb, uniq_robin
D:4:      kennysheep_six_static_rooms, layout_basic, mainiacjoe_overflow_paths
D:5:      layout_loops_ring, lemuel_zombie_altar_yredelemnul,
          mainiacjoe_overflow_swirl, uniq_sigmund, uniq_blork_the_orc,
          uniq_pikel
D:6:      layout_basic, mainiacjoe_overflow_alcove_2, kb_lookout_dungeons_type,
          minivault_4, eino_tiny_chamber, uniq_crazy_yiuf_cottage,
          uniq_eustachio
D:7:      hellmonk_ruined_rings, layout_basic, tgw_kikubaaqudgha,
          minmay_temple_entry_junction, glass_columns_a,
          nicolae_twisty_statue_hallways
D:8:      minmay_the_grid_square_5x5_3x3 [minmay_the_grid_square_5x5_seven,
          minmay_the_grid_square_5x5_two_small, minmay_the_grid_square_5x5_plus,
          minmay_the_grid_square_5x5_two_walls_a,
          minmay_the_grid_square_5x5_megaprize_crossed,
          minmay_the_grid_square_5x5_checkered,
          minmay_the_grid_square_5x5_doubleslash,
          minmay_the_grid_square_5x5_three_small,
          minmay_the_grid_square_5x5_sharp_hourglass], layout_cave_pools,
          lightli_bailey_entry_fortress, minmay_microvault, uniq_maurice
Temple:   hellmonk_temple_divided_pantheon
Bailey:   bailey_axe_froggy_fort_hellmonk, bailey

Skill      XL: |  1  2  3  4  5  6  7  8  9 10 |
---------------+-------------------------------+-----
Spellcasting   | 2 3 4 5 6 |  6.5
Ranged Weapons | 1 2 3 4 6 7 |  7.1
Alchemy        | 2 3 4 5 6 |  6.0
Fighting       | 4 5 6 |  6.0
Fire Magic     | 1 2 3 4 |  4.9
Dodging        | 2 3 |  3.2
Staves         | 1 2 |  2.9
Conjurations   | 1 2 |  2.5
Ice Magic      | 1 2 |  2.8
Evocations     | 1 3 |  3.0
Air Magic      | 1 2 |  2.2
Maces & Flails | |  2.0
Stealth        | |  6.0

Action                     |  1- 3 |  4- 6 |  7- 9 | 10-12 || total
---------------------------+-------+-------+-------+-------++-------
  Melee: Mace              |    35 |    69 |       |       ||   104
         Quarterstaff      |       |    61 |   135 |    57 ||   253
         Unarmed           |       |     1 |       |       ||     1
   Fire: Sling             |    14 |   140 |    89 |    18 ||   261
         Orcbow            |       |       |    38 |       ||    38
  Throw: Dart              |       |       |     1 |     1 ||     2
         Throwing net      |       |       |       |     2 ||     2
   Cast: Sticky Flame      |       |       |     1 |     1 ||     2
         Olgreb's Toxic Ra |       |       |     6 |    11 ||    17
         Mercury Vapours   |       |       |       |     3 ||     3
Ability: Dig               |       |     1 |     2 |       ||     3
         Shaft Self        |       |     1 |       |       ||     1
  Evoke: Wand              |       |    21 |     4 |     3 ||    28
    Use: Potion            |       |     2 |     1 |     5 ||     8
         Scroll            |       |     1 |     6 |     1 ||     8
   Stab: Sleeping          |     5 |     1 |       |       ||     6
         Paralysed         |       |       |     2 |       ||     2
         Distracted        |       |       |     1 |       ||     1
 Armour: Leather armour    |    23 |    16 |       |       ||    39
         Animal skin       |       |    67 |    71 |    51 ||   189
         Skin              |       |     4 |       |       ||     4
  Dodge: Dodged            |    34 |   164 |   114 |    51 ||   363
  Block: Other             |       |       |    14 |    18 ||    32
         Reflection        |       |       |       |     1 ||     1

Table legend: (Time is in decaauts)
 A = Elapsed time spent in this place.
 B = Non-inter-level travel time spent in this place.
 C = Inter-level travel time spent in this place.
 D = Time resting spent in this place.
 E = Time spent auto-exploring this place.
 F = Levels seen in this place.
 G = Mean time per level.
                   A        B        C        D        E       F      G
               +--------+--------+--------+--------+--------+-----+--------+
         Total |   8638 |   8155 |    483 |   1618 |   4139 |  10 |  863.8 |
       Dungeon |   8139 |   7656 |    483 |   1357 |   4115 |   8 | 1017.4 |
        Temple |      1 |      1 |      0 |      0 |      0 |   1 |    1.0 |
        Bailey |    498 |    498 |      0 |    261 |     24 |   1 |  498.0 |
               +--------+--------+--------+--------+--------+-----+--------+

Top non-repeatable levels by time:
     D:6: 1414 daAuts
     D:7: 1221 daAuts
     D:4: 1093 daAuts
     D:5: 1086 daAuts
     D:3: 1040 daAuts
     D:1: 1038 daAuts
     D:2: 1019 daAuts
  Bailey: 498 daAuts
     D:8: 224 daAuts
  Temple: 1 daAuts
